 Dungeon Crawl Stone Soup version 0.21.1-1-g345015f (webtiles) character file.

420 diana the Chopper (level 6, -5/56 HPs)
             Began as a Minotaur Fighter on June 5, 2018.
             Slain by an ogre
             ... wielding a +0 giant club
              (14 damage)
             ... on level 4 of the Dungeon.
             The game lasted 00:05:03 (3157 turns).

diana the Chopper (Minotaur Fighter)                Turns: 3157, Time: 00:05:03

Health: -5/56      AC:  7    Str: 23    XL:     6   Next: 62%
Magic:  5/5        EV:  7    Int:  5    God:
Gold:   216        SH: 10    Dex:  9    Spells: 5/5 levels left

rFire    . . .     SeeInvis .   a - +0 war axe
rCold    . . .     Gourm    .   c - +0 shield
rNeg     . . .     Faith    .   b - +0 scale mail
rPois    .         Spirit   .   (helmet restricted)
rElec    .         Reflect  .   (no cloak)
rCorr    .         Harm     .   (no gloves)
MR       .....                  (no boots)
Stlth    ..........             (no amulet)
HPRegen  0.18/turn              (no ring)
MPRegen  0.09/turn              (no ring)

@: no status effects
A: retaliatory headbutt, horns 2
a: no special abilities


You were on level 4 of the Dungeon.
You were not hungry.

You visited 1 branch of the dungeon, and saw 4 of its levels.

You collected 216 gold pieces.

Inventory:

Hand Weapons
 a - a +0 war axe (weapon)
Armour
 b - a +0 scale mail (worn)
 c - a +0 shield (worn)
Jewellery
 h - an uncursed ring of protection from magic {unknown}
 v - an uncursed ring of wizardry {unknown}
 B - an uncursed ring of positive energy {unknown}
Scrolls
 e - 3 scrolls of enchant armour {unknown}
 g - a scroll of fear {unknown}
 j - a scroll of teleportation {unknown}
 k - 2 scrolls of amnesia {unknown}
 l - a scroll of magic mapping {unknown}
 n - a scroll of immolation {unknown}
 o - 6 scrolls of identify {unknown}
 p - 3 scrolls of enchant weapon {unknown}
 r - a scroll of fog {unknown}
 u - a scroll of noise {unknown}
 y - a scroll of random uselessness {unknown}
Potions
 d - a potion of might
 i - 4 potions of resistance {unknown}
 m - a potion of brilliance {unknown}
 q - 2 potions of heal wounds {unknown}
 s - a potion of flight {unknown}
 t - a potion of cancellation {unknown}
 w - a potion of mutation {unknown}
 x - a potion of agility {unknown}
 z - a potion of curing {unknown}
 A - 2 potions of lignification {unknown}
Comestibles
 f - 10 rations


   Skills:
 + Level 5.1 Fighting
 * Level 5.7 Axes
 + Level 5.2 Armour
 + Level 5.1 Shields


You had 5 spell levels left.
You didn't know any spells.

Dungeon Overview and Level Annotations

Branches:
Dungeon (4/15)
 Temple: D:4-7

Altars:
Uskayaw
Xom
The Shining One


Innate Abilities, Weirdness & Mutations

You reflexively headbutt those who attack you in melee.
You have a pair of horns on your head.


Message History

You hit the ogre.
The ogre is lightly wounded.
You barely miss the giant cockroach. You block the giant cockroach's attack.
The ogre hits you with a giant club!!
You slash the ogre!
The ogre is heavily wounded.
You hit the giant cockroach. You block the giant cockroach's attack.
The giant cockroach barely misses you. You furiously retaliate!
You headbutt the giant cockroach!
You kill the giant cockroach!
The ogre hits you with a giant club!
You slash the ogre!
The ogre is almost dead.
The ogre hits you with a giant club!!
* * * LOW HITPOINT WARNING * * *
All of the chunks of flesh in your inventory have rotted away.
You aren't carrying any items that you can evoke.
You see here an arrow.
The ogre hits you with a giant club!
You die...

.#...####......#..............#
.#...........#.#..............#
.#...........#.#..............#
.#..............#.............#
.#...................>........#
.#........##..................###
.#...............................
)#.#.............................
)).#...........#@####.###........
)#.....#.......#O####.###...#....
.#.#.###................#...#....
.#.#.# #............#.#.#........
.#.#.###..............#.#........
.###((..................#.......)
..).....................#.#.....)
#####...................#.###....
###.............#.....# #####


You could see an ogre.

Vanquished Creatures
  A centaur (D:4)
  Blork the orc (D:4)
  A howler monkey (D:4)
  An orc priest (D:3)
  2 orc wizards (D:4)
  A worker ant (D:4)
  3 adders
  An adder skeleton (D:4)
  2 worms (D:3)
  A dart slug (D:2)
  3 leopard geckos
  16 orcs
  6 bats
  2 giant cockroaches
  5 goblins
  11 hobgoblins
  A jackal (D:2)
  3 kobolds
  2 quokkas
  2 ball pythons
  5 frilled lizards
  6 rats
76 creatures vanquished.

Notes
Turn   | Place    | Note
-------+----------+-------------------------------------------
     0 | D:1      | diana the Minotaur Fighter began the quest for the Orb.
     0 | D:1      | Reached XP level 1. HP: 19/19 MP: 0/0
    99 | D:1      | Reached XP level 2. HP: 27/27 MP: 1/1
   794 | D:2      | Reached XP level 3. HP: 23/33 MP: 2/2
  1088 | D:2      | Found a shimmering altar of Xom.
  1151 | D:2      | Found a hide-covered altar of Uskayaw.
  1153 | D:2      | Noticed a hand axe
  1154 | D:2      | Noticed a dagger
  1785 | D:3      | Reached XP level 4. HP: 38/40 MP: 3/3
  1914 | D:3      | Found a glowing golden altar of the Shining One.
  2395 | D:4      | Noticed Blork the orc
  2406 | D:4      | Killed Blork the orc
  2406 | D:4      | Reached XP level 5. HP: 14/47 MP: 4/4
  2640 | D:4      | Reached skill level 5 in Axes
  2719 | D:4      | Reached XP level 6. HP: 54/55 MP: 5/5
  2862 | D:4      | Reached skill level 5 in Fighting
  2862 | D:4      | Reached skill level 5 in Armour
  2862 | D:4      | Reached skill level 5 in Shields
  3121 | D:4      | HP: 2/56 [ogre/giant club (22)]
  3157 | D:4      | Slain by an ogre

Skill      XL: |  1  2  3  4  5  6 |
---------------+-------------------+-----
Axes           | 3 4 5 |  5.7
Armour         | 4 5 |  5.2
Fighting       | 4 5 |  5.1
Shields        | 4 5 |  5.1

Action                   |  1- 3 |  4- 6 || total
-------------------------+-------+-------++-------
Melee: War axe           |    95 |    97 ||   192
       Headbutt          |    12 |    23 ||    35
  Eat: Chunk             |     1 |     3 ||     4
       Ration            |     1 |       ||     1
Armor: Scale mail        |    47 |    39 ||    86
Dodge: Dodged            |    38 |    29 ||    67
Block: Shield            |    56 |    60 ||   116
